 Dungeon Sprint DCSS version 0.16-a0-4078-g0e80503 (console) character file.

16400000 Monkaria the Axe Maniac (level 27, -317/273 HPs)
             Began as a Ghoul Fighter on Feb 22, 2015.
             Was the Champion of Makhleb.
             Annihilated by a fleshlord
             ... wielding a +9 great mace
              (412 damage)
             ... in the Dungeon (Sprint VIII: "Arena of Blood").
             The game lasted 00:07:49 (164 turns).

Monkaria the Axe Maniac (Ghoul Fighter)              Turns: 164, Time: 00:07:49

Health: -317/273   AC: 13    Str: 24    XL:     27
Magic:  11/49      EV: 25    Int:  7    God:    Makhleb [******]
Gold:   0          SH:  0    Dex: 13    Spells: 0 memorised, 80 levels left

rFire  . . .     SeeInvis .     g - +∞ Axe of Woe
rCold  + . .     Clarity  .     b - +0 scale mail
rNeg   + + +     SustAb   .     (no shield)
rPois  ∞         Gourm    .     (no helmet)
rElec  .         Spirit   .     (no cloak)
rCorr  .         Warding  .     (no gloves)
rMut   .         NoTele   +     (no boots)
MR     ++...                    (no amulet)
Stlth  +++.......               l - +200 ring of slaying
                                m - +200 ring of slaying

@: rotting, slowed, very slow, very resistant to hostile enchantments, fairly
stealthy
A: rotting body, claws 1, carnivore 3, cold resistance 1, negative energy
resistance 3, poison resistance, slow healing 1, torment resistance, unbreathing
a: Minor Destruction, Lesser Servant of Makhleb, Major Destruction, Greater
Servant of Makhleb, Renounce Religion
0: Orb of Zot


You were in the Dungeon.
You worshipped Makhleb.
Makhleb was exalted by your worship.
You were not hungry.

You visited 1 branch

Inventory:

Hand weapons
 a - a +0 war axe
 g - the +∞ Axe of Woe (weapon)
   (You found it in the Dungeon)
Armour
 b - a +0 scale mail (worn)
 c - a +0 shield
Jewellery
 i - a +250 ring of slaying
 l - a +200 ring of slaying (right claw)
 m - a +200 ring of slaying (left claw)
Scrolls
 j - a scroll of blinking
Potions
 d - a potion of curing
 e - a potion of might
 f - a potion of heal wounds
 h - 2 potions of magic


   Skills:
 O Level 27 Fighting
 O Level 27 Axes
 O Level 27 Throwing
 O Level 27 Armour
 O Level 27 Dodging
 O Level 27 Stealth
 O Level 27 Shields
 O Level 27 Unarmed Combat
 O Level 27 Spellcasting
 O Level 27 Invocations


You had 80 spell levels left.
You didn't know any spells.

Dungeon Overview and Level Annotations

Branches:
Dungeon (1/1)

Altars:
Makhleb


Innate Abilities, Weirdness & Mutations

Your body is rotting away.
You thrive on raw meat.
You have sharp fingernails.
You are carnivorous and can eat meat at any time.
Your flesh is cold resistant.
You are immune to negative energy.
Your system is resistant to poisons.
You heal slowly when monsters are visible.
You are immune to unholy pain and torment.
You can survive without breathing.


Message History

You feel a little better. The scourge throws poison arrow at you.
The poison arrow misses you.
You hear a shout!
The fleshlord points at you and mumbles some strange words.
You barely resist.
The fleshlord hits you with a +9 great mace!!!!
Ouch! That really hurt!
The reaper hits you from afar with a scythe of venom!!!
An ogre and a hell beast come into view.
The meat beast moves out of view.
You hear a shout! x3
The scourge throws poison arrow at you. The poison arrow misses you.
The reaper is engulfed in roaring flames.
The reaper misses you.
You hear a shout! x3
The fleshlord hits you with a +9 great mace!!!!!!
Ouch! That really hurt!
You die...

...........
p........ #.......#
.. #%.. ...# ..
...###%.. .%.###.o.
......%.###).%.....
#....%%))_O.).......
§....#%%p))#...... .
#_)@)_# ... #S))§)#
.
#.....))2§2W%.......
.......2###........
O..###... ...###W..
.. #.o. ...# ..
#.......# .........
...o.......


You could see a meat beast, 2 reapers, a scourge, 2 fleshlords, 2 dreads, a meat
berserker (berserk) and a bag of meat.

Vanquished Creatures
  Dispater (D)
  Sigmund (D)
  3 great orbs of eyes (D)
  8 greater mummies (D)
  15 hell beasts (D)
  10 hell knights (D)
  7 hill giants (D)
  9 hydras (D)
  7 liches (D)
  25 ogres (D)
  67 orcs (D)
  5 phantoms (D)
  7 skeletal warriors (D)
  10 vampire knights (D)
  3 wraiths (D)
  4 sea snakes (D)
  5 tentacled monstrosities (D)
  A Shadow Fiend (D)
  14 large abominations (D)
  A reaper (D)
  6 small abominations (D)
  9 crawling corpses (D)
218 creatures vanquished.

Vanquished Creatures (others)
  3 crawling corpses (D)
3 creatures vanquished.

Grand Total: 221 creatures vanquished

Notes
Turn   | Place    | Note
--------------------------------------------------------------
     0 | D        | Monkaria, the Ghoul Fighter, began the quest for the Orb.
     0 | D        | Reached XP level 1. HP: 19/19 MP: 1/1
     3 | D        | Noticed a bag of meat
     3 | D        | Noticed a bag of meat
     4 | D        | Noticed a bag of meat
     4 | D        | Noticed a bag of meat
     6 | D        | Noticed a bag of meat
     6 | D        | Noticed a bag of meat
     6 | D        | Noticed a bag of meat
     6 | D        | Noticed a bag of meat
     7 | D        | Noticed a bag of meat
     7 | D        | Noticed a meat berserker
    10 | D        | Noticed a bag of meat
    10 | D        | Became a worshipper of Makhleb the Destroyer
    12 | D        | Noticed a meat berserker
    12 | D        | Killed a bag of meat
    12 | D        | Reached skill level 16 in Fighting
    12 | D        | Reached XP level 2. HP: 22/50 MP: 2/2
    12 | D        | Reached XP level 3. HP: 25/57 MP: 3/3
    12 | D        | Reached XP level 4. HP: 28/64 MP: 3/3
    12 | D        | Reached XP level 5. HP: 31/72 MP: 4/4
    12 | D        | Reached XP level 6. HP: 34/80 MP: 5/5
    12 | D        | Reached XP level 7. HP: 36/86 MP: 5/5
    12 | D        | Reached XP level 8. HP: 39/94 MP: 6/6
    12 | D        | Reached XP level 9. HP: 41/101 MP: 7/7
    12 | D        | Reached XP level 10. HP: 44/110 MP: 7/7
    12 | D        | Reached XP level 11. HP: 46/116 MP: 8/8
    13 | D        | Noticed a bag of meat
    13 | D        | Killed a bag of meat
    13 | D        | Acquired Makhleb's first power
    13 | D        | Reached XP level 12. HP: 49/124 MP: 9/9
    14 | D        | Killed a meat berserker
    14 | D        | Reached skill level 20 in Axes
    14 | D        | Reached XP level 13. HP: 130/130 MP: 9/9
    14 | D        | Killed a bag of meat
    14 | D        | Acquired Makhleb's second power
    14 | D        | Reached skill level 22 in Axes
    14 | D        | Reached XP level 14. HP: 138/138 MP: 10/10
    15 | D        | Noticed a meat berserker
    15 | D        | Killed a bag of meat
    15 | D        | Reached skill level 25 in Axes
    15 | D        | Killed a bag of meat
    15 | D        | Acquired Makhleb's third power
    15 | D        | Reached skill level 26 in Axes
    15 | D        | Reached XP level 15. HP: 146/146 MP: 11/11
    15 | D        | Killed a meat berserker
    15 | D        | Reached skill level 27 in Axes
    16 | D        | Killed a bag of meat
    16 | D        | Killed a bag of meat
    16 | D        | Acquired Makhleb's fourth power
    16 | D        | Reached XP level 16. HP: 171/180 MP: 11/11
    17 | D        | Noticed a bag of meat
    19 | D        | Noticed a bag of meat
    19 | D        | Killed a bag of meat
    19 | D        | Reached skill level 27 in Fighting
    20 | D        | Killed a bag of meat
    21 | D        | Noticed a bag of meat
    21 | D        | Noticed a bag of meat
    21 | D        | Noticed a bag of meat
    23 | D        | Killed a meat berserker
    23 | D        | Acquired Makhleb's fifth power
    24 | D        | Noticed a bag of meat
    28 | D        | Killed a bag of meat
    28 | D        | Reached XP level 17. HP: 191/191 MP: 12/12
    29 | D        | Noticed a large bag of meat
    30 | D        | Killed a bag of meat
    31 | D        | Noticed a large bag of meat
    31 | D        | Noticed a bag of meat
    31 | D        | Killed a bag of meat
    32 | D        | Noticed a meat berserker
    32 | D        | Noticed a meat berserker
    32 | D        | Killed a bag of meat
    32 | D        | Reached skill level 27 in Armour
    33 | D        | Noticed a meat berserker
    33 | D        | Noticed a destroyer
    33 | D        | Killed a bag of meat
    33 | D        | Reached XP level 18. HP: 200/200 MP: 13/13
    34 | D        | Noticed a destroyer
    35 | D        | Noticed a bag of meat
    35 | D        | Noticed a bag of meat
    35 | D        | Noticed a meat berserker
    35 | D        | Noticed a bag of meat
    35 | D        | Noticed a destroyer
    35 | D        | Killed a destroyer
    35 | D        | Killed a bag of meat
    35 | D        | Killed a large bag of meat
    36 | D        | Noticed a bag of meat
    36 | D        | Noticed a bag of meat
    36 | D        | Noticed a bag of meat
    38 | D        | Noticed a bag of meat
    38 | D        | Killed a large bag of meat
    38 | D        | Killed a bag of meat
    38 | D        | Reached XP level 19. HP: 207/207 MP: 13/13
    38 | D        | Killed a meat berserker
    38 | D        | Reached skill level 27 in Dodging
    39 | D        | Noticed a bag of meat
    39 | D        | Noticed a destroyer
    40 | D        | Noticed a bag of meat
    40 | D        | Noticed a large bag of meat
    42 | D        | Killed a meat berserker
    43 | D        | Noticed a sculptor of flesh
    44 | D        | Noticed a bag of meat
    44 | D        | Killed a destroyer
    44 | D        | Killed a destroyer
    44 | D        | Killed a bag of meat
    44 | D        | Reached XP level 20. HP: 216/216 MP: 13/40
    45 | D        | Killed a meat berserker
    45 | D        | Reached skill level 27 in Invocations
    45 | D        | Killed a bag of meat
    46 | D        | Noticed a bag of meat
    46 | D        | Noticed a bag of meat
    46 | D        | Noticed a bag of meat
    46 | D        | Noticed a large bag of meat
    47 | D        | Noticed a bag of meat
    47 | D        | Noticed a meat berserker
    47 | D        | Killed a destroyer
    47 | D        | Killed a bag of meat
    48 | D        | Noticed a meat berserker
    48 | D        | Killed a bag of meat
    48 | D        | Killed a bag of meat
    48 | D        | Killed a bag of meat
    48 | D        | Reached XP level 21. HP: 224/224 MP: 14/45
    49 | D        | Killed a large bag of meat
    50 | D        | Noticed a bag of meat
    51 | D        | Killed a sculptor of flesh
    51 | D        | Reached skill level 27 in Spellcasting
    51 | D        | Reached skill level 15 in Shields
    51 | D        | Killed a bag of meat
    52 | D        | Noticed a bag of meat
    53 | D        | Killed a bag of meat
    54 | D        | Killed a bag of meat
    55 | D        | Noticed a destroyer
    55 | D        | Noticed an accursed
    56 | D        | Noticed a bag of meat
    56 | D        | Killed a bag of meat
    56 | D        | Killed a bag of meat
    56 | D        | Reached XP level 22. HP: 233/233 MP: 15/47
    57 | D        | Noticed an accursed
    57 | D        | Killed a bag of meat
    57 | D        | Reached skill level 27 in Shields
    57 | D        | Killed a meat berserker
    58 | D        | Noticed an eight-headed meat hydra
    58 | D        | Killed a bag of meat
    59 | D        | Noticed a tyrant
    59 | D        | Killed a meat berserker
    59 | D        | Killed a large bag of meat
    59 | D        | Reached skill level 27 in Stealth
    59 | D        | Killed a bag of meat
    60 | D        | Noticed a bag of meat
    62 | D        | Noticed a meat berserker
    62 | D        | Killed a destroyer
    62 | D        | Reached skill level 15 in Throwing
    62 | D        | Killed a bag of meat
    62 | D        | Reached XP level 23. HP: 240/240 MP: 16/47
    63 | D        | Killed a bag of meat
    64 | D        | Noticed a bag of meat
    64 | D        | Noticed a bag of meat
    65 | D        | Noticed a meat beast
    65 | D        | Noticed a bag of meat
    65 | D        | Killed an accursed
    65 | D        | Killed a bag of meat
    66 | D        | Noticed a meat berserker
    66 | D        | Killed a nine-headed meat hydra
    67 | D        | Killed a meat beast
    67 | D        | Reached skill level 27 in Throwing
    68 | D        | Noticed a meat berserker
    68 | D        | Killed a meat berserker
    69 | D        | Killed a bag of meat
    69 | D        | Killed a bag of meat
    70 | D        | Noticed a bag of meat
    70 | D        | Killed a tyrant
    70 | D        | Reached XP level 24. HP: 249/249 MP: 17/48
    70 | D        | Killed a bag of meat
    70 | D        | Reached skill level 27 in Unarmed Combat
    71 | D        | Noticed a meat beast
    71 | D        | Killed a bag of meat
    72 | D        | Noticed a bag of meat
    72 | D        | Noticed a bag of meat
    72 | D        | Killed a meat beast
    72 | D        | Killed a meat berserker
    72 | D        | Killed a meat berserker
    74 | D        | Noticed a bag of meat
    74 | D        | Killed a bag of meat
    75 | D        | Killed a bag of meat
    76 | D        | Noticed a dread
    77 | D        | Noticed an eight-headed meat hydra
    77 | D        | Noticed a meat berserker
    77 | D        | Killed a bag of meat
    78 | D        | Noticed a tyrant
    79 | D        | Noticed a meat berserker
    79 | D        | Noticed an eight-headed meat hydra
    79 | D        | Killed a dread
    79 | D        | Reached XP level 25. HP: 257/257 MP: 19/48
    79 | D        | Killed a bag of meat
    79 | D        | Killed a nine-headed meat hydra
    80 | D        | Noticed a bag of meat
    80 | D        | Killed a bag of meat
    81 | D        | Noticed a meat beast
    81 | D        | Noticed a meat beast
    81 | D        | Killed a meat berserker
    81 | D        | Killed a wretched soul
    82 | D        | Noticed a meat beast
    82 | D        | Killed a meat beast
    83 | D        | Killed a meat berserker
    83 | D        | Killed a bag of meat
    85 | D        | Killed a nine-headed meat hydra
    85 | D        | Killed a meat beast
    85 | D        | Reached XP level 26. HP: 266/266 MP: 21/48
    87 | D        | Noticed a meat berserker
    87 | D        | Noticed a meat beast
    87 | D        | Killed a bag of meat
    89 | D        | Killed a meat berserker
    91 | D        | Noticed a meat berserker
    91 | D        | Noticed a destroyer
    91 | D        | Noticed a meat beast
    92 | D        | Noticed a bag of meat
    92 | D        | Killed a meat beast
    93 | D        | Noticed a meat beast
    93 | D        | Noticed a destroyer
    94 | D        | Noticed an eight-headed meat hydra
    95 | D        | Noticed an eight-headed meat hydra
    95 | D        | Killed a meat berserker
    95 | D        | Killed a destroyer
    96 | D        | Killed a meat beast
    97 | D        | Noticed a meat berserker
    97 | D        | Noticed a destroyer
    97 | D        | Noticed a bag of meat
    98 | D        | Noticed a meat berserker
    98 | D        | Noticed an accursed
    99 | D        | Noticed an accursed
    99 | D        | Killed a nine-headed meat hydra
   100 | D        | Noticed a bag of meat
   100 | D        | Killed a destroyer
   101 | D        | Noticed a tyrant
   101 | D        | Noticed a bag of meat
   101 | D        | Noticed a meat berserker
   101 | D        | Noticed an accursed
   101 | D        | Noticed a bag of meat
   101 | D        | Noticed a bag of meat
   102 | D        | Noticed a dread
   102 | D        | Noticed a bag of meat
   102 | D        | Killed a bag of meat
   102 | D        | Killed a wretched soul
   102 | D        | Reached XP level 27. HP: 187/273 MP: 25/49
   103 | D        | Noticed a bag of meat
   103 | D        | Noticed a bag of meat
   103 | D        | Noticed an accursed
   103 | D        | Noticed a meat berserker
   103 | D        | Noticed a bag of meat
   103 | D        | Noticed an eight-headed meat hydra
   103 | D        | Noticed a meat berserker
   104 | D        | Noticed a bag of meat
   104 | D        | Killed a meat berserker
   104 | D        | Killed a wretched soul
   104 | D        | Killed a bag of meat
   105 | D        | Noticed a large bag of meat
   105 | D        | Noticed a bag of meat
   105 | D        | Noticed a meat beast
   105 | D        | Noticed a bag of meat
   106 | D        | Noticed a large bag of meat
   106 | D        | Killed a wretched soul
   107 | D        | Noticed a bag of meat
   107 | D        | Noticed a bag of meat
   107 | D        | Noticed a meat beast
   107 | D        | Noticed a bag of meat
   107 | D        | Noticed a bag of meat
   108 | D        | Noticed a bag of meat
   108 | D        | Noticed The Captor
   108 | D        | Noticed a tyrant
   108 | D        | Noticed an accursed
   108 | D        | Killed an accursed
   108 | D        | Killed an observer
   108 | D        | Killed a meat berserker
   108 | D        | Killed a meat berserker
   109 | D        | Killed a meat beast
   109 | D        | Killed a meat beast
   111 | D        | Killed a tyrant
   111 | D        | Killed a bag of meat
   111 | D        | Killed a bag of meat
   112 | D        | Noticed a bag of meat
   112 | D        | Killed a meat beast
   113 | D        | Noticed a bag of meat
   114 | D        | Noticed a meat beast
   114 | D        | Noticed a sculptor of flesh
   114 | D        | Killed an accursed
   114 | D        | Killed a wretched soul
   114 | D        | Killed a tyrant
   114 | D        | Killed a tyrant
   115 | D        | Noticed a sculptor of flesh
   115 | D        | Killed a large bag of meat
   116 | D        | Noticed a dread
   116 | D        | Killed an accursed
   116 | D        | Killed a bag of meat
   116 | D        | Killed a bag of meat
   116 | D        | Killed a bag of meat
   116 | D        | Killed a bag of meat
   117 | D        | Noticed a tyrant
   117 | D        | Killed a meat berserker
   117 | D        | Killed a bag of meat
   117 | D        | Killed a meat beast
   118 | D        | Killed an accursed
   118 | D        | Killed a bag of meat
   118 | D        | Killed a bag of meat
   119 | D        | Killed a bag of meat
   119 | D        | Killed a meat berserker
   120 | D        | Killed The Captor
   120 | D        | Killed a bag of meat
   120 | D        | Killed a dread
   120 | D        | Killed a bag of meat
   121 | D        | Noticed a tyrant
   121 | D        | Killed a nine-headed meat hydra
   121 | D        | Killed a tyrant
   122 | D        | Killed a nine-headed meat hydra
   123 | D        | Killed a bag of meat
   123 | D        | Killed a dread
   124 | D        | Noticed a meat berserker
   124 | D        | Killed a sculptor of flesh
   125 | D        | Killed a meat berserker
   125 | D        | Killed a bag of meat
   126 | D        | Noticed a fleshlord
   126 | D        | Killed a bag of meat
   127 | D        | Killed a sculptor of flesh
   128 | D        | Noticed a tyrant
   128 | D        | Noticed a fleshlord
   128 | D        | Killed an accursed
   128 | D        | Killed a destroyer
   129 | D        | Killed an observer
   130 | D        | Killed a tyrant
   130 | D        | Killed a tyrant
   131 | D        | Noticed a destroyer
   132 | D        | Killed a fleshlord
   133 | D        | Noticed a fleshlord
   134 | D        | Killed a destroyer
   136 | D        | Noticed a sculptor of flesh
   136 | D        | Noticed a meat beast
   136 | D        | Killed a large bag of meat
   137 | D        | Noticed a meat beast
   137 | D        | Noticed a meat beast
   137 | D        | Noticed a bag of meat
   138 | D        | Noticed a sculptor of flesh
   138 | D        | Killed a fleshlord
   138 | D        | Killed a meat beast
   138 | D        | Killed a meat berserker
   139 | D        | Noticed a fleshlord
   139 | D        | Noticed a meat berserker
   139 | D        | Noticed an accursed
   139 | D        | Noticed a fleshlord
   139 | D        | Killed a sculptor of flesh
   140 | D        | Noticed a meat berserker
   141 | D        | Noticed a bag of meat
   142 | D        | Noticed a fleshlord
   142 | D        | Noticed a bag of meat
   142 | D        | Killed a meat beast
   142 | D        | Killed a meat beast
   143 | D        | Noticed a sculptor of flesh
   143 | D        | Killed a meat berserker
   143 | D        | Killed a sculptor of flesh
   143 | D        | Killed a meat beast
   144 | D        | Noticed an accursed
   144 | D        | Killed a fleshlord
   144 | D        | Killed an accursed
   145 | D        | Noticed a fleshlord
   145 | D        | Killed a meat berserker
   145 | D        | Killed a bag of meat
   146 | D        | Noticed a large bag of meat
   146 | D        | Noticed a bag of meat
   146 | D        | Noticed a fleshlord
   146 | D        | Killed a fleshlord
   147 | D        | Noticed The Meatlord
   147 | D        | Killed a fleshlord
   148 | D        | Noticed a fleshlord
   148 | D        | Noticed a meat berserker
   148 | D        | Killed a fleshlord
   148 | D        | Killed a bag of meat
   149 | D        | Noticed a bag of meat
   149 | D        | Noticed a sculptor of flesh
   149 | D        | Killed a bag of meat
   151 | D        | Noticed a bag of meat
   151 | D        | Killed a fleshlord
   151 | D        | Killed a sculptor of flesh
   152 | D        | Killed a fleshlord
   153 | D        | Noticed a bag of meat
   153 | D        | Killed a large bag of meat
   153 | D        | Killed a bag of meat
   154 | D        | Noticed a destroyer
   154 | D        | Noticed a meat beast
   154 | D        | Killed a fleshlord
   155 | D        | Killed a sculptor of flesh
   156 | D        | Killed The Meatlord
   156 | D        | Killed a destroyer
   157 | D        | Killed a bag of meat
   157 | D        | Noticed a fleshlord
   158 | D        | Killed an accursed
   158 | D        | Killed a meat beast
   159 | D        | Noticed a fleshlord
   159 | D        | Noticed a dread
   159 | D        | Killed an observer
   159 | D        | Killed a bag of meat
   160 | D        | Got the Orb of Zot
   161 | D        | Noticed a meat berserker
   161 | D        | Killed a fleshlord
   162 | D        | Noticed a bag of meat
   163 | D        | Noticed a fleshlord
   163 | D        | Killed a meat berserker
   164 | D        | Noticed a meat beast
   164 | D        | Noticed a meat berserker
   164 | D        | Annihilated by a fleshlord

Action                   |  1- 3 |  4- 6 |  7- 9 | 10-12 | 13-15 | 16-18 | 19-21 | 22-24 | 25-27 || total
-------------------------+-------+-------+-------+-------+-------+-------+-------+-------+-------++-------
Melee: Executioner's axe |     1 |       |       |     2 |     2 |    10 |    11 |    17 |    62 ||   105
  Use: Potion            |     1 |       |       |       |       |       |       |       |       ||     1
